AoeStats
← noam456

Glade

510613200Analyzed
1v1 RM · 20h ago on Oct 1, 2026· 28m 4s· 2 players
Game mode
Random Map
Map size
Tiny (2 player)
Population
200
Speed
Normal
Resources
Standard
Victory
Conquest
Starting age
Dark Age
Ending age
Imperial Age
RankedLock teamsTeams togetherTeam positionsShared explorationLock speedFull tech treeHidden civsTurbo modeCheats
Victory
Defeat
🇮🇹 Magyars · Italy
566
+14
🇮🇱 Burgundians · Israel
526
-14
noam456
11:05 Feudal Age
11:37 Double-Bit Axe
12:03 Loom
20:23 Castle Age
20:41 Stone Mining
20:48 Cavalier
21:22 Horse Collar
23:56 Stone Shaft Mining
ELITOVIO
11:08 Feudal Age
11:37 Double-Bit Axe
11:35 Man-at-Arms
15:17 Scale Mail Armor
17:04 Forging
19:11 Town Watch
25:59 Castle Age
24:00 Horse Collar
24:55 Stone Mining
25:51 Wheelbarrow
27:49 Squires
Connection lost

Rejoining the realm…

Still unreachable

The connection could not be restored.

Session expired

The server has moved on; the page needs a fresh start.